 Dungeon Crawl Stone Soup version 0.28-a0-203-gf40de95187 (console) character file.

Game seed: 7016849644056666766

7 FIQ the Chiller (level 1, 13/13 HPs)
             Began as a Demonspawn Ice Elementalist on Aug 20, 2021.
             Was a Follower of Trog.
             Quit the game on level 1 of the Dungeon.
             The game lasted 00:00:25 (429 turns).

FIQ the Chiller (Demonspawn Ice Elementalist)        Turns: 429, Time: 00:00:25

Health: 13/13      AC:  2    Str:  8    XL:     1   Next: 91%
Magic:  3/3        EV: 12    Int: 16    God:    Trog [*.....]
Gold:   0          SH:  0    Dex: 13    Spells: 3/4 levels left

rFire   . . .      SeeInvis .   (no weapon)
rCold   . . .      Faith    .   (no shield)
rNeg    . . .      Spirit   .   a - +0 robe
rPois   .          Reflect  .   (no helmet)
rElec   .          Harm     .   (no cloak)
rCorr   .          Rampage  .   (no gloves)
Will    .....                   (no boots)
Stlth   ++........              (no amulet)
HPRegen 0.04/turn               (no ring)
MPRegen 0.08/turn               (no ring)

@: no status effects
A: no striking features
a: Renounce Religion, Berserk


You were on level 1 of the Dungeon.
You worshipped Trog.
Trog was aware of your devotion.
You visited 1 branch of the dungeon, and saw 1 of its levels.

Inventory:

Armour
 a - a +0 robe (worn)
Potions
 b - a potion of curing {unknown}
 c - a potion of lignification {unknown}
 d - a potion of degeneration {unknown}


   Skills:
 + Level 2.0 Dodging
 - Level 1.7 Stealth
 - Level 2.1 Spellcasting
 - Level 3.7 Ice Magic


You had 3 spell levels left.
You knew the following spells:

 Your Spells              Type           Power      Damage    Failure   Level
a - Freeze                Ice            52%        1d7       4%          1

Your spell library contained the following spells:

 Spells                   Type           Power      Damage    Failure   Level
 Frozen Ramparts          Ice            26%        1d4       13%         3
 Ozocubu's Armour         Ice            13%        N/A       13%         3
 Hailstorm                Conj/Ice       7%         3d4       67%         4


Dungeon Overview and Level Annotations

Branches:
Dungeon (1/15)

Altars:
Trog


Message History

A giant cockroach comes into view.
A giant cockroach is nearby!
A giant cockroach is nearby!
You hit the giant cockroach but do no damage.
The giant cockroach closely misses you.
You freeze the giant cockroach.
The giant cockroach is heavily wounded.
The giant cockroach barely misses you.
You miscast Freeze.
You are very lightly contaminated with residual magic.
Nothing appears to happen.
The giant cockroach closely misses you.
You freeze the giant cockroach.
You kill the giant cockroach!
Your Dodging skill increases to level 2!
Your magical contamination has completely faded away.
d - a dark potion
Found a leather armour.
You open the door.
There is an open door here.
A giant cockroach comes into view.
Found a faded altar of an unknown god.
A giant cockroach is nearby!
A giant cockroach is nearby!
The giant cockroach barely misses you.
You freeze the giant cockroach.
The giant cockroach is heavily wounded.
The giant cockroach closely misses you.
You freeze the giant cockroach.
You kill the giant cockroach!
There is an empty arch of ancient stone here.
There is a faded altar of an unknown god here.
An endoplasm comes into view.
An endoplasm is nearby!
An endoplasm is nearby!
There is a faded altar of an unknown god here.
You cannot tell which god this altar belongs to.
Convert to them anyway?
Trog accepts your prayer! Trog welcomes you!
You can now go berserk at will.
Are you sure you want to abandon this character and quit the game? (Confirm with "yes".)

###......#
#####......#####
#..............####
#....[.....###....#
#####...#### ##...#
##...## ##...##
##...###...##
##...∩...##
##..@..## ##...##
#...# #...# #J..#
....# ......
.......# .......#


You could see an endoplasm.

Vanquished Creatures
  3 giant cockroaches (D:1)
  A goblin (D:1)
  A kobold (D:1)
  2 rats (D:1)
7 creatures vanquished.

Notes
Turn   | Place    | Note
-------+----------+-------------------------------------------
     0 | D:1      | FIQ the Demonspawn Ice Elementalist began the quest for the
                  | Orb.
     0 | D:1      | Reached XP level 1. HP: 13/13 MP: 3/3
   375 | D:1      | Found a faded altar of an unknown god.
   428 | D:1      | Became a worshipper of Trog the Wrathful
   428 | D:1      | Reached * piety under Trog
   429 | D:1      | Quit the game

Illustrated notes

Levels and vault maps discovered:
D:1:      lightli_arrival_flooded_house, layout_basic,
          hellmonk_ecumenical_altar_crossroads, corexii_corridor_pit,
          minmay_misc_feat_square, minmay_misc_feat_pillars,
          hangedman_abyss_or_decor_stabs, kennysheep_doodads,
          minmay_small_reverse_x

Skill      XL: |  1 |
---------------+----+-----
Dodging        | 2 |  2.0
Stealth        | |  1.7
Spellcasting   | |  2.1
Ice Magic      | |  3.7

Action                   || total
-------------------------++-------
Melee: Unarmed           ||     1
 Cast: Freeze            ||    12
Dodge: Dodged            ||     9

Table legend: (Time is in decaauts)
 A = Elapsed time spent in this place.
 B = Non-inter-level travel time spent in this place.
 C = Inter-level travel time spent in this place.
 D = Time resting spent in this place.
 E = Time spent auto-exploring this place.
 F = Levels seen in this place.
 G = Mean time per level.
                   A        B        C        D        E       F      G
               +--------+--------+--------+--------+--------+-----+--------+
         Total |    429 |    429 |      0 |      0 |    383 |   1 |  429.0 |
       Dungeon |    429 |    429 |      0 |      0 |    383 |   1 |  429.0 |
               +--------+--------+--------+--------+--------+-----+--------+

Top non-repeatable levels by time:
     D:1: 429 daAuts
